 Dungeon Crawl Stone Soup version 0.21-a0-346-g330ab2c (webtiles) character file.

947 Hasart the Slicer (level 8, -2/44 HPs)
             Began as a Kobold Assassin on Oct 5, 2017.
             Killed from afar by an orc wizard (6 damage)
             ... with a magic dart
             ... on level 6 of the Dungeon.
             The game lasted 00:13:31 (6214 turns).

Hasart the Slicer (Kobold Assassin)                 Turns: 6214, Time: 00:13:33

Health: -2/44      AC:  5    Str:  9    XL:     8   Next: 35%
Magic:  0/17       EV: 18    Int: 14    God:
Gold:   167        SH:  0    Dex: 16    Spells: 7/7 levels left

rFire    + . .     SeeInvis .   t - +2 dagger (protect)
rCold    . . .     Gourm    .   (shield restricted)
rNeg     . . .     Faith    .   c - +0 robe
rPois    .         Spirit   +   k - +0 helmet
rElec    .         Reflect  .   d - +0 cloak
rCorr    .         Harm     .   u - +0 pair of gloves
MR       .....                  (no boots)
Stlth    ++++......             B - amulet of guardian spirit
HPRegen  0.14/turn              q - ring of protection from fire
MPRegen  0.15/turn              v - ring of magical power

@: slowed, very slow
A: carnivore 3
a: no special abilities


You were on level 6 of the Dungeon.
You were completely stuffed.

You visited 1 branch of the dungeon, and saw 6 of its levels.

You collected 332 gold pieces.
You spent 165 gold pieces at shops.

Inventory:

Hand Weapons
 b - a +0 blowgun
 t - a +2 dagger of protection (weapon)
 G - a +1 long sword of slicing
Missiles
 e - 27 poisoned needles
 y - a curare-tipped needle
Armour
 c - a +0 robe (worn)
 d - a +0 cloak (worn)
 k - a +0 helmet (worn)
 u - a +0 pair of gloves (worn)
Jewellery
 q - a ring of protection from fire (left hand)
 v - a ring of magical power (right hand)
 B - an amulet of guardian spirit (around neck)
 E - an uncursed ring of positive energy
Wands
 x - a wand of paralysis (11/24)
 z - a wand of iceblast (2/15)
Scrolls
 h - 4 scrolls of identify {unknown}
 i - 3 scrolls of remove curse {unknown}
 n - 5 scrolls of amnesia {unknown}
 o - a scroll of teleportation {unknown}
 r - 2 scrolls of enchant weapon {unknown}
 A - a scroll of magic mapping {unknown}
 D - a scroll of fog {unknown}
Potions
 a - 5 potions of might {unknown}
 f - 4 potions of curing {unknown}
 j - 2 potions of flight {unknown}
 l - 3 potions of heal wounds {unknown}
 m - a potion of magic {unknown}
 p - 2 potions of mutation {unknown}
 s - 2 potions of haste {unknown}
 w - a potion of berserk rage {unknown}
 C - a potion of ambrosia {unknown}
Comestibles
 g - 2 meat rations
 F - 2 chunks of flesh


   Skills:
 - Level 2.1 Fighting
 * Level 8.8 Short Blades
 - Level 2.1 Throwing
 + Level 5.4 Dodging
 + Level 8.4 Stealth


You had 7 spell levels left.
You didn't know any spells.

Dungeon Overview and Level Annotations

Branches:
Dungeon (6/15)
 Temple: D:4-7

Altars:
Hepliaklqana
The Shining One

Shops:
D:4 }


Innate Abilities, Weirdness & Mutations

You are small and have problems with some larger weapons.
You are carnivorous and can eat meat at any time.


Message History

The orc wizard is almost dead.
The orc wizard gestures wildly while chanting.
The orc wizard blinks!
The orc wizard points at you and mumbles some strange words.
The magic dart hits you!
* * * LOW HITPOINT WARNING * * *
Things that are here:
a short sword; a scroll labeled ZOULEZESOW; 15 gold pieces The orc wizard hits you with a dagger of speed.
* * * LOW HITPOINT WARNING * * *
The orc wizard points at you and mumbles some strange words.
You feel yourself slow down.
You barely miss the orc wizard.
The orc wizard is almost dead.
The orc wizard points at you and mumbles some strange words.
The magic dart hits you!
* * * LOW HITPOINT WARNING * * *
The orc wizard casts a spell at you. The magic dart hits you!
You die...

###.#### #####
#....##..... ####....#
##.#####. #..##...(
######.[...#
#######.........##
####)).o†...###..#...#
#..).)@.........####.#
#.####.##...##### .#
#. #...##..# . #.
#.....##.# .
#.#.......#.# .
#....._.....#
###.......#.#
##.....##.#


You could see an orc wizard.

Vanquished Creatures
  An orc warrior (D:6)
  An ogre (D:4)
  A big kobold (D:3)
  A bullfrog (D:6)
  A crimson imp (D:5)
  4 orc priests
  A hound (D:5)
  An iguana (D:5)
  4 orc wizards
  4 worker ants
  A hound zombie (D:6)
  6 adders
  3 oozes
  2 dart slugs
  4 leopard geckos
  16 orcs
  A ball python (D:1)
  6 bats (D:1)
  6 giant cockroaches
  7 goblins
  12 hobgoblins
  8 jackals
  14 kobolds
  3 quokkas
  7 frilled lizards
  A quokka skeleton (D:4)
  9 rats
125 creatures vanquished.

Vanquished Creatures (others)
  A hobgoblin (D:3)
1 creature vanquished.

Grand Total: 126 creatures vanquished

Notes
Turn   | Place    | Note
-------+----------+-------------------------------------------
     0 | D:1      | Hasart the Kobold Assassin began the quest for the Orb.
     0 | D:1      | Reached XP level 1. HP: 12/12 MP: 1/1
    40 | D:1      | Reached XP level 2. HP: 10/17 MP: 2/2
   547 | D:1      | Reached XP level 3. HP: 15/21 MP: 3/3
  1520 | D:2      | Reached XP level 4. HP: 22/26 MP: 4/4
  2265 | D:2      | Found a glowing golden altar of the Shining One.
  3070 | D:2      | Reached skill level 5 in Short Blades
  3070 | D:2      | Reached XP level 5. HP: 29/30 MP: 5/5
  3253 | D:3      | Noticed a big kobold
  3290 | D:3      | Killed a big kobold
  3290 | D:3      | Reached XP level 6. HP: 20/35 MP: 6/6
  3993 | D:4      | Noticed an ogre
  4010 | D:4      | Killed an ogre
  4032 | D:4      | You fall through a shaft!
  4032 | D:5      | Entered Level 5 of the Dungeon
  4057 | D:5      | Reached XP level 7. HP: 40/40 MP: 7/7
  4512 | D:4      | Found Vaunwup's Gadget Shoppe.
  4517 | D:4      | Bought a wand of paralysis (13/24) for 165 gold pieces
  6100 | D:6      | Reached skill level 5 in Dodging
  6100 | D:6      | Reached XP level 8. HP: 40/44 MP: 8/8
  6153 | D:6      | Found a hazy altar of Hepliaklqana.
  6214 | D:6      | Killed from afar by an orc wizard

Vault maps used:
D:1:      erik_arrival_triangle_small, serial_bayou_crossing
D:2:      lemuel_doored_altar
D:3:      cheibrodos_thug_alley, grunt_temple_overflow_order_and_chaos_1,
          first_bread
D:4:      serial_shops, kennysheep_little_box
D:6:      lemuel_round_altar, serial_shops, kennysheep_mini_moat

Skill      XL: |  1  2  3  4  5  6  7 |
---------------+----------------------+-----
Short Blades   | 3 4 5 6 8 |  8.8
Dodging        | 2 3 4 5 |  5.4
Stealth        | 6 7 8 |  8.4
Fighting       | |  2.1
Throwing       | |  2.1

Action                   |  1- 3 |  4- 6 |  7- 9 || total
-------------------------+-------+-------+-------++-------
Melee: Dagger            |   129 |   142 |   307 ||   578
       Short sword       |       |    65 |       ||    65
 Fire: Blowgun           |       |     9 |     6 ||    15
Evoke: Wand              |       |       |     3 ||     3
 Stab: Sleeping          |    10 |    11 |     4 ||    25
       Paralysed         |       |       |     1 ||     1
  Eat: Chunk             |    10 |     7 |     8 ||    25
Armor: Robe              |    43 |    38 |    57 ||   138
Dodge: Dodged            |   102 |   139 |   150 ||   391

Table legend:
 A = Spawn XP
 B = Non-spawn XP
 C = Spawn XP percentage of total XP
 D = Spawn monster count
 E = Non-spawn monster count
 F = Spawn count percentage of total count
 G = Total turns spent on level
                    A         B        C        D         E        F      G
               +---------+---------+-------+---------+---------+-------+---------
         Total |       0 |    1353 |   0.0 |       0 |     125 |   0.0 |  6214
               +---------+---------+-------+---------+---------+-------+---------
           D:1 |       0 |      57 |   0.0 |       0 |      33 |   0.0 |  1377
           D:2 |       0 |     113 |   0.0 |       0 |      34 |   0.0 |  1672
           D:3 |       0 |     189 |   0.0 |       0 |      17 |   0.0 |   923
           D:4 |       0 |     276 |   0.0 |       0 |      16 |   0.0 |   956
           D:5 |       0 |     334 |   0.0 |       0 |      14 |   0.0 |  1159
           D:6 |       0 |     384 |   0.0 |       0 |      11 |   0.0 |   127
               +---------+---------+-------+---------+---------+-------+---------
